 Dungeon Crawl Stone Soup version 0.29.1-15-g9cfb28693d (webtiles) character file.

Game seed: 15776327141496758963

22030 Smoke131 the Fighter (level 12, -12/126 HPs)
             Began as an Ogre Gladiator on Feb 28, 2023.
             Was a High Priest of Okawaru.
             Mangled by a swamp worm (17 damage)
             ... in a Gauntlet.
             The game lasted 00:43:07 (22139 turns).

Smoke131 the Fighter (Ogre Gladiator)              Turns: 22139, Time: 00:43:08

Health: -12/126    AC: 17    Str: 25    XL:     12   Next: 96%
Magic:  19/19      EV: 11    Int:  9    God:    Okawaru [*****.]
Gold:   811        SH:  5    Dex: 10    Spells: 11/11 levels left

rFire   . . .      SeeInvis .   H - +0 battleaxe
rCold   . . .      Faith    .   (shield currently unavailable)
rNeg    . . .      Spirit   .   T - +0 shadow dragon scales
rPois   +          Reflect  +   c - +0 hat
rElec   .          Harm     .   (no cloak)
rCorr   .          Rampage  .   (gloves unavailable)
Will    +....      NoTele   +   (boots unavailable)
Stlth   ++........              A - amulet of reflection
HPRegen 0.31/turn               S - ring of poison resistance
MPRegen 0.16/turn               F - +4 ring of evasion

@: mighty, invisible
A: large, unfitting armour, tough skin 1
a: Renounce Religion, Heroism, Finesse, Duel


You were in a Gauntlet.
You worshipped Okawaru.
Okawaru was extremely pleased with you.
You visited 3 branches of the dungeon, and saw 14 of its levels.
You also visited: Sewer and Gauntlet.

You collected 811 gold pieces.

Inventory:

Hand Weapons
 a - a +1 vorpal war axe
 H - a +0 battleaxe (weapon)
Missiles
 d - a throwing net
 e - 6 large rocks (quivered)
 i - 49 poisoned darts
 k - 4 curare-tipped darts
 q - 4 atropa-tipped darts
 s - 69 stones
 J - 8 boomerangs
 M - 4 datura-tipped darts
Armour
 c - a +0 hat (worn)
 w - +0 swamp dragon scales
 N - +0 acid dragon scales
 T - +0 shadow dragon scales (worn)
Jewellery
 m - a ring of willpower
 p - a ring of resist corrosion
 r - a ring of protection from cold
 x - a ring of fire
 A - an amulet of reflection (around neck)
 D - a +6 ring of intelligence
 F - a +4 ring of evasion (right hand)
 G - a ring of see invisible
 K - an amulet of magic regeneration
 L - a +6 ring of intelligence
 Q - a +6 ring of dexterity
 S - a ring of poison resistance (left hand)
Wands
 l - a wand of iceblast (5)
 O - a wand of flame (16)
 P - a wand of digging (5)
Scrolls
 u - a scroll of amnesia {unknown}
 v - 3 scrolls of magic mapping
 y - 2 scrolls of enchant weapon
 B - a scroll of identify
 E - 2 scrolls of teleportation
 R - a scroll of enchant armour {unknown}
Potions
 b - 2 potions of cancellation
 f - 2 potions of might
 g - a potion of mutation
 h - 2 potions of curing
 j - 3 potions of attraction
 n - 3 potions of ambrosia
 o - 4 potions of flight
 t - a potion of lignification
 z - a potion of invisibility
 C - 2 potions of resistance
 I - 2 potions of brilliance


   Skills:
 + Level 10.0 Fighting
 + Level 10.0 Axes
 + Level 10.0 Throwing
 + Level 10.0 Armour
 - Level 3.0 Dodging
 - Level 10.0 Invocations


You had 11 spell levels left.
You didn't know any spells.
Your spell library contained the following spells:

 Spells                   Type           Power      Damage    Failure   Level
 Apportation              Tloc           0%         N/A       90%         1
 Freeze                   Ice            0%         1d3       90%         1
 Shock                    Conj/Air       0%         1d3       90%         1
 Confusing Touch          Hex            0%         N/A       99%         3
 Frozen Ramparts          Ice            0%         1d1       99%         3
 Gell's Gravitas          Tloc           0%         N/A       99%         3
 Lesser Beckoning         Tloc           0%         N/A       99%         3
 Portal Projectile        Hex/Tloc       0%         N/A       99%         3
 Swiftness                Air            0%         N/A       99%         3
 Teleport Other           Tloc           0%         N/A       99%         3
 Airstrike                Air            0%         2d(0-16)  100%        4
 Hailstorm                Conj/Ice       0%         3d3       100%        4
 Passage of Golubria      Tloc           0%         N/A       100%        4
 Alistair's Intoxication  Tmut/Pois      0%         N/A       100%        5
 Yara's Violent Unravell  Hex/Tmut       0%         3d3       100%        5
 Enfeeble                 Hex            0%         N/A       100%        7
 Disjunction              Tloc           0%         N/A       100%        8
 Summon Small Mammal      Summ           Unusable   N/A       N/A         1
 Call Canine Familiar     Summ           Unusable   N/A       N/A         3
 Summon Guardian Golem    Hex/Summ       Unusable   N/A       N/A         3
 Tukima's Dance           Hex            Unusable   N/A       N/A         3
 Summon Forest            Summ/Tloc      Unusable   N/A       N/A         5

Dungeon Overview and Level Annotations

Branches:
Dungeon (11/15)            Temple (1/1) D:5            Lair (2/5) D:8
  Snake (0/4) Lair:2          Orc (0/2) D:11          Sewer (visited)
Gauntlet (1/1)
  Swamp: Lair:2-3    Shoals: Lair:2-3

Altars:
Ashenzari
Cheibriados
Dithmenos
Elyvilon
Fedhas
Gozag
Hepliaklqana
Kikubaaqudgha
Makhleb
Nemelex Xobeh
Okawaru
Qazlal
Ru
Sif Muna
Trog
Uskayaw
Vehumet
Wu Jian
Xom
Yredelemnul
Zin
The Shining One

Annotations:
D:10 3 runed translucent doors, sigtrap's ghost, journeyman DsCK Gauntlet 9 transporters


Innate Abilities, Weirdness & Mutations

You are too large for most types of armour.
You have tough skin. (AC +1)


Message History

Okawaru accepts your kill.
You slash the swamp worm!
The swamp worm fires a harpoon shot at you.
The harpoon shot misses you.
Training target 10.0 for Armour reached!
Your Armour skill increases to level 10!
You need to enable at least one skill for training.
You barely miss the swamp worm.
The swamp worm is severely wounded.
The swamp worm bites you but does no damage.
The swamp worm bites you.
You barely miss the swamp worm.
The swamp worm is severely wounded.
You hit the swamp worm. The swamp worm bites you.
The swamp worm closely misses you.
You completely miss the swamp worm.
The swamp worm is severely wounded.
You slash the swamp worm! The swamp worm closely misses you.
The swamp worm bites you! x3
You closely miss the swamp worm.
The swamp worm is severely wounded.
You closely miss the swamp worm. The swamp worm bites you!
You block the swamp worm's attack.
You closely miss the swamp worm.
The swamp worm is severely wounded.
You closely miss the swamp worm. You block the swamp worm's attack.
The swamp worm bites you.
The swamp worm bites you but does no damage.
The swamp worm bites you!
* * * LOW HITPOINT WARNING * * *
You fade into invisibility!
The swamp worm bites you!
* * * LOW HITPOINT WARNING * * *
The swamp worm barely misses you. You block the swamp worm's attack.
The swamp worm fires a harpoon shot past the swamp worm.
The harpoon shot hits you!
* * * LOW HITPOINT WARNING * * *
The swamp worm bites you!
You die...

###..###########...########
#.....#.©.#....≈§§.......
###...8.#...#...≈8≈........
#8#.....#.©.#....≈.........
###..###########...########
#..#ww^#.#...#.8.#....©..
###..#w.#...#..#...#.......
#8#..#.##..^##.#####.P#...#
###..#(.##@#..##...#..P....
#..#©.#^ww...#©.©#....©..
###..#..##†#..##...#...P...
#8#..#.##..^##.#####.P#P.P#
###..#..#...#..#...#......P
#..#...#.#...#.8.#.......
###..###########...########
#8#.....................©..
###≈.......................


You could see 2 swamp worms.

Vanquished Creatures
  A hydra (D:11)
  Erolcha (D:9)
  3 two-headed ogres
  Pikel (D:8)
  An oklob plant (Gauntlet)
  A cyclops (D:11)
  An ugly thing (D:10)
  Maurice (D:11)
  A cane toad (Lair:1)
  A rime drake (Lair:2)
  3 unseen horror zombies (D:9)
  5 komodo dragons
  Psyche (D:11)
  A kobold demonologist (D:9)
  Maggie (D:9)
  A troll (D:11)
  A hornet (D:9)
  2 polar bears (Lair:1)
  A shadow (D:11)
  30 yaks
  3 steam dragons
  Grum (D:11)
  A basilisk (Lair:1)
  3 wyverns
  3 vampire mosquitoes (D:11)
  A swamp worm (Gauntlet)
  Edmund (D:6)
  3 acid dragons
  Duvessa (D:4)
  An ice beast (D:6)
  5 water moccasins
  9 orc warriors
  A sky beast (D:8)
  2 black bears
  A hornet zombie (D:9)
  3 ogres (D:5)
  2 wolves (D:11)
  2 centaurs
  3 phantoms (D:5)
  4 kobold brigands
  7 bullfrogs
  4 necrophages
  20 wights
  Dowan (D:4)
  The ghost of Haiku the Sneak, a weakling DrDe of Ru (D:5)
  9 killer bees
  5 howler monkeys
  3 centaur zombies (D:9)
  3 orc priests
  3 jellies
  4 hounds
  6 iguanas
  4 orc wizards
  2 hell rats
  3 howler monkey zombies (D:9)
  3 gnolls (D:5)
  8 river rats
  11 adders
  2 white imps (D:8)
  2 worms (D:3)
  2 dart slugs
  39 orcs
  7 ball pythons
  9 bats
  10 endoplasms
  7 giant cockroaches
  5 goblins
  7 hobgoblins
  3 quokkas (D:1)
  4 frilled lizards
  25 kobolds
  5 rats
332 creatures vanquished.

Vanquished Creatures (others)
  42 fungi
  40 plants
  20 withered plants
102 creatures vanquished.

Grand Total: 434 creatures vanquished

Notes
Turn   | Place    | Note
-------+----------+-------------------------------------------
     0 | D:1      | Smoke131 the Ogre Gladiator began the quest for the Orb.
     0 | D:1      | Reached XP level 1. HP: 22/22 MP: 1/1
   108 | D:1      | Reached XP level 2. HP: 24/29 MP: 2/2
   770 | D:1      | Reached XP level 3. HP: 36/37 MP: 3/3
  1350 | D:2      | Reached skill level 1 in Armour
  1738 | D:2      | Reached XP level 4. HP: 30/45 MP: 4/4
  1961 | D:2      | You fall into a shaft and drop 1 floor!
  1988 | D:3      | Found a glowing drain.
  2021 | Sewer    | Entered a sewer
  2243 | Sewer    | Noticed a water moccasin
  2257 | Sewer    | Killed a water moccasin
  2258 | Sewer    | Reached XP level 5. HP: 31/55 MP: 5/5
  2836 | D:2      | Reached XP level 6. HP: 63/63 MP: 6/6
  3949 | D:4      | Noticed Duvessa
  3953 | D:4      | Noticed Dowan
  3960 | D:4      | Killed Duvessa
  3988 | D:4      | Killed Dowan
  3989 | D:4      | Reached skill level 5 in Fighting
  4351 | D:4      | Reached XP level 7. HP: 58/72 MP: 7/7
  4464 | D:4      | Found a hide-covered altar of Uskayaw.
  4735 | D:5      | Entered Level 5 of the Dungeon
  4758 | D:5      | Reached skill level 5 in Axes
  5066 | D:5      | Reached XP level 8. HP: 83/83 MP: 8/8
  5162 | D:5      | Reached skill level 5 in Throwing
  5608 | D:5      | Found a staircase to the Ecumenical Temple.
  5619 | Temple   | Entered the Ecumenical Temple
  6001 | D:5      | Found a hazy altar of Hepliaklqana.
  6001 | D:5      | Found a bloodstained altar of Trog.
  6003 | D:5      | Found an iron altar of Okawaru.
  6151 | D:5      | Found a shimmering blue altar of Sif Muna.
  6292 | D:5      | Found a runed translucent gate.
  6292 | D:5      | Found a runed translucent gate.
  6292 | D:5      | Found a runed translucent gate.
  6292 | D:5      | Noticed Haiku's ghost (weakling DrDe)
  6356 | D:5      | Killed Haiku's ghost
  6822 | D:6      | Reached XP level 9. HP: 65/91 MP: 9/9
  7153 | D:6      | Noticed Edmund
  7169 | D:6      | Killed Edmund
  7449 | D:5      | Became a worshipper of Warmaster Okawaru
  7620 | D:6      | Reached skill level 1 in Invocations
  7856 | D:6      | Reached skill level 5 in Armour
  8291 | D:7      | Reached * piety under Okawaru
  9256 | D:7      | Reached XP level 10. HP: 81/106 MP: 12/12
 10118 | D:8      | Found a broken altar of Ashenzari.
 10614 | D:7      | Reached ** piety under Okawaru
 11475 | D:8      | Reached skill level 10 in Fighting
 11538 | D:8      | Identified the +2 dagger of Internal Strife {vorpal, Will+
                  | Int+5}
 11665 | D:8      | Found an ornate altar of the Wu Jian Council.
 11843 | D:8      | Noticed Pikel
 11857 | D:8      | Killed Pikel
 12015 | D:8      | Found a staircase to the Lair.
 12085 | D:8      | Reached *** piety under Okawaru
 12090 | D:8      | Reached skill level 5 in Invocations
 12602 | D:8      | Noticed a two-headed ogre
 12608 | D:8      | Killed a two-headed ogre
 12609 | D:8      | Reached XP level 11. HP: 103/117 MP: 13/15
 12682 | D:8      | Found a burning altar of Makhleb.
 13788 | D:9      | Noticed Erolcha
 13821 | D:9      | Noticed Maggie
 13829 | D:9      | Killed Maggie
 13836 | D:9      | Reached **** piety under Okawaru
 14794 | D:9      | Killed Erolcha
 14794 | D:9      | Received a gift from Okawaru
 15855 | D:10     | Entered Level 10 of the Dungeon
 16144 | D:10     | Noticed a two-headed ogre
 16149 | D:9      | Received a gift from Okawaru
 16657 | D:10     | Noticed a brown ugly thing
 16679 | D:9      | Killed a two-headed ogre
 17062 | D:10     | Killed a brown ugly thing
 17063 | D:10     | Reached XP level 12. HP: 126/126 MP: 17/17
 17152 | D:10     | Found a runed translucent gate.
 17152 | D:10     | Found a runed translucent gate.
 17152 | D:10     | Found a runed translucent gate.
 17156 | D:10     | Noticed a two-headed ogre
 17156 | D:10     | Noticed a boulder beetle
 17157 | D:10     | Noticed sigtrap's ghost (journeyman DsCK)
 17617 | D:10     | Found a glowing golden altar of the Shining One.
 17743 | D:11     | Noticed Psyche
 17749 | D:11     | Killed Psyche
 17749 | D:11     | Reached ***** piety under Okawaru
 17750 | D:11     | Reached skill level 10 in Axes
 18280 | D:11     | Noticed Maurice
 18295 | D:11     | Killed Maurice
 18295 | D:11     | Received a gift from Okawaru
 18301 | D:11     | Noticed a five-headed hydra
 18309 | D:11     | Killed a five-headed hydra
 18310 | D:11     | Reached skill level 10 in Throwing
 18448 | D:11     | Found a sparkling altar of Nemelex Xobeh.
 18513 | D:11     | Got the Guide on Dislocation
 18609 | D:11     | Noticed Grum
 18624 | D:11     | Killed Grum
 18641 | D:11     | Found a staircase to the Orcish Mines.
 18708 | D:11     | Received a gift from Okawaru
 19400 | D:11     | Noticed a two-headed ogre
 19402 | D:11     | Killed a two-headed ogre
 19596 | D:11     | Received a gift from Okawaru
 20026 | Lair:1   | Entered Level 1 of the Lair of Beasts
 20123 | Lair:1   | Received a gift from Okawaru
 20558 | Lair:1   | Received a gift from Okawaru
 20559 | Lair:1   | Reached skill level 10 in Invocations
 21520 | Lair:2   | Found a gate leading to a gauntlet.
 21529 | Gauntlet | Entered a Gauntlet
 21529 | Gauntlet | Found a transporter.
 21529 | Gauntlet | Found a transporter.
 21529 | Gauntlet | Found a transporter.
 21793 | Gauntlet | Found a transporter.
 21797 | Gauntlet | Noticed a ghost crab
 21807 | Gauntlet | Found a transporter.
 21824 | Gauntlet | Found a transporter.
 21835 | Gauntlet | Found a transporter.
 21843 | Gauntlet | Found a transporter.
 21849 | Gauntlet | Found a transporter.
 21885 | Gauntlet | Found a transporter.
 21911 | Gauntlet | Found a transporter.
 21929 | Gauntlet | Found a transporter.
 22132 | Gauntlet | Reached skill level 10 in Armour
 22139 | Gauntlet | HP: 5/126 [swamp worm/harpoon shot (14)]
 22139 | Gauntlet | Mangled by a swamp worm

Illustrated notes

Levels and vault maps discovered:
D:1:      roderic_chinese_lattice_arrival, layout_loops_ring, minivault_5,
          minmay_tiny_reverse_x
D:2:      layout_loops_cross
D:3:      layout_basic, gup_sewer_entry_glass
D:4:      layout_loops_ring, mainiacjoe_overflow_cross_hatched,
          nicolae_concentric_dashed_squares_mild, uniq_duvessa
D:5:      layout_loops_ring, nicolae_overflow_crystal_walls,
          nicolae_overflow_hidden_temple, minmay_temple_entry_slanted,
          gammafunk_ghost_nasty_kobolds, grunt_decor_one_mirror
D:6:      layout_basic, minmay_holes, uniq_edmund
D:7:      kennysheep_steamy, layout_basic, chequers_serial_rivers_small_a
D:8:      layout_layer_cave, lightli_temple_of_fire,
          mainiacjoe_overflow_brackets, lemuel_doored_altar,
          grunt_lair_entry_orc_guard_hut, grunt_tough_drop, uniq_pikel
D:9:      layout_roguey, serial_undead, serial_undead_c, serial_undead_b,
          serial_undead_c, serial_undead_c, serial_undead_b, serial_undead_d,
          uniq_maggie, uniq_erolcha
D:10:     layout_cave_pools, tso_oasis_becter, gammafunk_ghost_split
D:11:     layout_layer_cave, david_orc_3, nemelex_spade_bored_becter, uniq_grum,
          uniq_psyche, uniq_maurice
Temple:   oiseaux_autumnal_temple
Lair:1:   layout_regular_city
Lair:2:   layout_hall_layers, minmay_snake_entry_six_corridors,
          gauntlet_entry_generic, kennysheep_rathole
Gauntlet: gammafunk_gauntlet_shortcut [gammafunk_gauntlet_arena_corners,
          gammafunk_gauntlet_arena_arrow_garden,
          gammafunk_gauntlet_arena_hedges, gammafunk_gauntlet_arena_chambers,
          gammafunk_gauntlet_arena_grid, gammafunk_gauntlet_arena_split_x,
          nicolae_gauntlet_exit_dead_adventurers]

Skill      XL: |  1  2  3  4  5  6  7  8  9 10 11 12 |
---------------+-------------------------------------+-----
Fighting       | 3 4 5 6 7 9 10 | 10.0
Dodging        | 3 |  3.0
Armour         | 1 2 3 4 5 6 7 10 | 10.0
Axes           | 4 5 6 7 8 9 10 | 10.0
Throwing       | 3 4 5 7 8 9 10 | 10.0
Invocations    | 3 5 7 10 | 10.0

Action                   |  1- 3 |  4- 6 |  7- 9 | 10-12 || total
-------------------------+-------+-------+-------+-------++-------
Melee: War axe           |   100 |   130 |   206 |       ||   436
       Punch             |     1 |     2 |     1 |       ||     4
       Battleaxe         |       |       |    89 |   681 ||   770
Throw: Dart              |       |    10 |       |       ||    10
       Throwing net      |       |     2 |       |       ||     2
       Large rock        |       |     6 |    24 |    48 ||    78
       Boomerang         |       |       |     7 |    58 ||    65
Invok: Heroism           |       |       |       |     3 ||     3
       Finesse           |       |       |       |     3 ||     3
Evoke: Wand              |       |       |       |     4 ||     4
  Use: Scroll            |       |     9 |     8 |    11 ||    28
       Potion            |       |       |     6 |     6 ||    12
 Stab: Sleeping          |     1 |       |       |       ||     1
       Invisible         |       |       |       |     2 ||     2
Armor: Robe              |    33 |    16 |       |       ||    49
       Swamp dragon scal |       |    56 |   124 |   232 ||   412
       Shadow dragon sca |       |       |       |    42 ||    42
Dodge: Dodged            |    61 |    79 |   113 |   447 ||   700
Block: Other             |       |     7 |    72 |   195 ||   274
       Reflection        |       |       |     2 |     2 ||     4
